 Dungeon Crawl Stone Soup version 0.24.0-13-gcf9b3192b9 (webtiles) character file.

Game seed: 5331275593986529960, levelgen mode: deterministic

69 Monsterracer the Poker (level 4, 0/34 HPs)
             Began as a Merfolk Conjurer on Nov 6, 2019.
             Killed by divine providence
             ... invoked by an orc priest
              (10 damage)
             ... on level 3 of the Dungeon.
             The game lasted 00:02:16 (2590 turns).

Monsterracer the Poker (Merfolk Conjurer)           Turns: 2590, Time: 00:02:17

Health: 0/34       AC:  6    Str:  9    XL:     4   Next: 20%
Magic:  7/7        EV: 14    Int: 14    God:
Gold:   45         SH:  0    Dex: 19    Spells: 6/7 levels left

rFire    . . .     SeeInvis .   b - +0 spear
rCold    . . .     Gourm    .   (no shield)
rNeg     . . .     Faith    .   f - +0 scale mail
rPois    .         Spirit   .   (no helmet)
rElec    .         Reflect  .   (no cloak)
rCorr    .         Harm     .   (no gloves)
MR       .....                  (no boots)
Stlth    ++........             (no amulet)
HPRegen  0.11/turn              (no ring)
MPRegen  0.10/turn              (no ring)

@: agile, very slightly contaminated, hasted, invisible, very quick
A: change form in water, swift swim, stealthy swim
a: no special abilities


You were on level 3 of the Dungeon.
You were not hungry.

You visited 1 branch of the dungeon, and saw 3 of its levels.

You collected 45 gold pieces.

Inventory:

Hand Weapons
 b - a +0 spear (weapon)
   (You found it on level 1 of the Dungeon)
Armour
 f - a +0 scale mail (worn)
   (You found it on level 1 of the Dungeon)
Scrolls
 j - a scroll of remove curse {unknown}
 k - a scroll of fog {!r}
 l - a scroll of magic mapping {unknown}
 t - a scroll of teleportation {!r}
Potions
 g - a potion of resistance
Comestibles
 c - 2 rations


   Skills:
 + Level 2.3 Fighting
 * Level 4.2 Polearms
 - Level 2.6 Dodging
 - Level 2.1 Stealth
 - Level 2.0 Spellcasting
 - Level 3.2 Conjurations


You had 6 spell levels left.
You knew the following spells:

 Your Spells              Type           Power        Failure   Level  Hunger
a - Magic Dart            Conj           ##..         47%         1    ##.....

Your spell library contained the following spells:

 Spells                   Type           Power        Failure   Level  Hunger
 Searing Ray              Conj           ##....       63%         2    ###....
 Dazzling Spray           Conj/Hex       #.....       97%         3    ####...
 Iskenderun's Mystic Bla  Conj           ##......     99%         4    #####..
 Force Lance              Conj/Tloc      #.......     100%        4    #####..
 Fulminant Prism          Conj/Hex       #.........   100%        4    #####..


Dungeon Overview and Level Annotations

Branches:
Dungeon (3/15)

Altars:
Ashenzari


Message History

The puff of frost hits you! The orc wizard misses you.
It was a potion of resistance.
You feel protected. The orc priest barely misses you.
The orc wizard hits you but does no damage. x2
It was a potion of ambrosia.
You are confused.
You feel invigorated.
The orc wizard gestures at you while chanting.
The magic dart hits you. The orc wizard barely misses you.
The orc priest barely misses you.
The orc wizard mumbles some strange words.
The orc wizard flickers and vanishes!
Deactivating autopickup; reactivate with Ctrl-A.
The orc wizard closely misses you.
The orc wizard gestures at you while chanting.
The magic dart hits you.
It was a potion of flight.
You feel very buoyant.
You fly up into the air.
The orc priest closely misses you. The orc wizard closely misses you.
The orc wizard hits you with a +0 dagger.
Unknown command.
It was a potion of cancellation.
Your magical effects are unravelling.
You feel magically purged.
You feel less invigorated.
You float gracefully downwards.
You feel less confused.
Your resistance to elements expires.
The orc wizard hits you with a +0 dagger.
The orc wizard barely misses you.
The orc priest hits you with a +0 dagger.
The orc wizard hits you with a +0 dagger.
The orc wizard barely misses you.
It was a potion of haste.
You feel yourself speed up.
The orc priest hits you with a +0 dagger.
* * * LOW HITPOINT WARNING * * *
The orc wizard begins to cast a cantrip, but forgets the words!
The orc wizard gestures at you while chanting.
The puff of frost hits you!
* * * LOW HITPOINT WARNING * * *
It was a potion of invisibility.
You fade into invisibility!
The orc wizard points at you and mumbles some strange words.
The magic dart hits you.
* * * LOW HITPOINT WARNING * * *
The orc wizard barely misses you. The orc priest barely misses you.
You are very lightly contaminated with residual magic.
It was a potion of agility.
You feel agile all of a sudden.
The orc wizard points at you and mumbles some strange words.
The puff of flame misses you.
The puff of flame hits the orc wizard.
The orc wizard misses you.
You feel better. The orc wizard casts a spell at you. The magic dart hits you.
* * * LOW HITPOINT WARNING * * *
The orc wizard closely misses you.
The orc wizard points at the orc wizard and mumbles some strange words.
Attack whom?
Press: ? - help, Dir - move target cursor, f - orc priest
Aim: an orc priest, wielding a +0 dagger You reach to attack!
You hit the orc priest.
The orc priest is moderately wounded.
Something hits you but does no damage.
Attack whom?
Press: ? - help, Dir - move target cursor, f - orc priest
Aim: an orc priest, wielding a +0 short sword You reach to attack!
You hit the orc priest.
The orc priest is moderately wounded.
You hear some strange, mumbled words.
The orc priest resists with some effort.
Attack whom?
Press: ? - help, Dir - move target cursor, f/p - orc priest
Aim: an orc priest, wielding a +0 short sword (moderately wounded)
You hit the orc priest.
The orc priest is heavily wounded.
The orc priest closely misses you.
Attack whom?
Press: ? - help, Dir - move target cursor, f/p - orc priest
Aim: an orc priest, wielding a +0 short sword (heavily wounded)
You completely miss the orc priest.
The orc priest is heavily wounded.
Attack whom?
Press: ? - help, Dir - move target cursor, f/p - orc priest
Aim: an orc priest, wielding a +0 short sword (heavily wounded)
You closely miss the orc priest.
The orc priest is heavily wounded.
The orc priest misses you.
Attack whom?
Press: ? - help, Dir - move target cursor, f/p - orc priest
Aim: an orc priest, wielding a +0 short sword (heavily wounded)
You strike the helpless orc priest from behind!
You hit the orc priest.
The orc priest is severely wounded.
You strike the helpless orc priest from behind!
You hit the orc priest but do no damage.
The orc priest is severely wounded.
The orc priest invokes the aid of Beogh against you.
Beogh smites you!
You die...

...........##....#.....o.
...........##....#.......
...........))..#.#...o...
..........†###.#........#
.............#.?..#######
########+#o#.#....##
.......o........#
#####.#.#o#......
....%o..#@#....#.#
......o...#....#.#
..........#....#.# ....
..........# .#.. .....
.........## ...# .....
.......... ... #.....
........## o.##.....
######### .....$..
#{......


You could see 2 orc priests and an orc wizard.

Vanquished Creatures
  An adder (D:2)
  An ooze (D:3)
  A worm (D:2)
  A dart slug (D:2)
  2 leopard geckos (D:2 D:3)
  5 orcs (D:2 D:3)
  2 giant cockroaches (D:2 D:3)
  5 goblins (D:1 D:2)
  7 hobgoblins (D:1 D:2 D:3)
  A quokka (D:3)
  5 bats (D:1 D:2 D:3)
  4 frilled lizards (D:1 D:2 D:3)
  4 kobolds (D:2 D:3)
  5 rats (D:1 D:2)
44 creatures vanquished.

Notes
Turn   | Place    | Note
-------+----------+-------------------------------------------
     0 | D:1      | Monsterracer the Merfolk Conjurer began the quest for the
                  | Orb.
     0 | D:1      | Reached XP level 1. HP: 13/13 MP: 3/3
   209 | D:1      | Reached skill level 1 in Fighting
   243 | D:1      | Reached skill level 1 in Polearms
   244 | D:1      | Reached XP level 2. HP: 15/21 MP: 0/5
   791 | D:2      | Reached skill level 2 in Polearms
   984 | D:2      | Reached XP level 3. HP: 25/27 MP: 6/6
  1099 | D:2      | Found a shattered altar of Ashenzari.
  1239 | D:2      | Reached skill level 3 in Polearms
  2152 | D:3      | Reached XP level 4. HP: 33/33 MP: 7/7
  2163 | D:3      | HP: 16/33 [orc wizard/puff of flame (9)]
  2181 | D:3      | HP: 16/33 [quokka (1)]
  2183 | D:3      | Reached skill level 4 in Polearms
  2187 | D:3      | HP: 14/33 [bat (1)]
  2575 | D:3      | HP: 15/34 [orc priest/+0 dagger (5)]
  2575 | D:3      | HP: 7/34 [orc wizard/puff of frost (8)]
  2576 | D:3      | HP: 2/34 [orc wizard/magic dart (5)]
  2590 | D:3      | Killed from afar by an orc priest

Levels and vault maps discovered:
D:1:      wander_arrival_abandoned_jail, layout_basic
D:2:      layout_loops_ring, ashenzari_altar_1
D:3:      layout_basic, lemuel_crystal_altar

Skill      XL: |  1  2  3  4 |
---------------+-------------+-----
Fighting       | 1 2 |  2.3
Polearms       | 1 2 3 4 |  4.2
Dodging        | |  2.6
Stealth        | |  2.1
Spellcasting   | |  2.0
Conjurations   | |  3.2

Action                   |  1- 3 |  4- 6 || total
-------------------------+-------+-------++-------
Melee: Spear             |   185 |    60 ||   245
       Unarmed           |     7 |       ||     7
 Cast: Magic Dart        |     9 |       ||     9
  Use: Potion            |       |     9 ||     9
       Scroll            |       |     2 ||     2
 Stab: Invisible         |       |     2 ||     2
  Eat: Chunk             |     4 |     2 ||     6
Armor: Robe              |     1 |       ||     1
       Scale mail        |    51 |    22 ||    73
Dodge: Dodged            |    56 |    43 ||    99
